Map: Acid Plant LE

Players

ZuluSamurai

  • Race: Terran Terran
  • League: Diamond
  • Spawn Location: 5:00

Mufi - Winner!

  • Race: Zerg Zerg
  • League: Diamond
  • Spawn Location: 11:00

VOD

Have the link to the VOD?

Description

Time

  • Played on: Nov. 18, 2018, 1:27 p.m.
  • Length: 12:32
Show
View Real Time Build Order
Export as new Build Order

ZuluSamurai Terran 

Build Orders:  

Get SALT Encoding   

  12  0:01  SCV  
  13  0:14  SCV  
  13  0:20  Supply Depot  
  14  0:26  SCV  
  15  0:42  SCV  
  16  0:45  Barracks  
  16  0:56  Barracks  
  16  1:00  SCV  
  17  1:12  SCV  
  17  1:14  Supply Depot  
  18  1:24  SCV  
  19  1:37  Bunker  
  19  1:39  Marine  
  20  1:41  Bunker  
  20  1:43  Marine  
  21  1:53  Orbital Command  
  21  1:57  Marine  
  21  2:12  Marine  
  21  2:15  Marine  
  23  2:18  Bunker  
  23  2:24  Bunker  
  23  2:27  SCV  
  24  2:33  Supply Depot  
  24  2:38  Marine x2  
  24  2:39  SCV  
  27  2:51  SCV  
  27  2:52  Bunker  
  28  2:59  Marine x2  
  28  3:02  Refinery  
  28  3:03  Refinery, SCV  
  31  3:15  SCV  
  31  3:19  Marine  
  32  3:20  Marine  
  34  3:27  SCV  
  35  3:39  Marine x2  
  35  3:41  SCV  
  38  3:44  Supply Depot  
  38  3:47  Bunker  
  38  3:53  SCV, Factory  
  39  3:56  Engineering Bay  
  39  4:05  Marine x2  
  41  4:10  Supply Depot  
  41  4:21  SCV  
  41  4:23  Factory  
  42  4:27  Engineering Bay  
  42  4:33  SCV  
  43  4:39  Cyclone  
  46  4:46  Marine x2  
  46  4:52  Barracks  
  18  5:55  Cyclone x2  
  16  6:01  SCV  
  15  6:19  SCV  
  16  6:32  SCV  
  17  6:36  Widow Mine x2  
  21  6:44  SCV  
  22  6:56  SCV  
  22  6:58  Widow Mine x2  
  23  7:22  SCV  
  23  7:27  Hellion x2  
  27  7:35  SCV  
  28  7:48  Hellion  
  22  8:08  Hellion  
  24  8:15  SCV, Widow Mine  
  27  8:22  Command Center  
  27  8:27  SCV  
  28  8:39  SCV  
  29  8:42  Cyclone  
  30  8:51  SCV  
  31  9:03  SCV  
  32  9:12  Cyclone  
  32  9:15  SCV  
  36  9:30  Cyclone  
  39  9:40  Orbital Command  
  39  9:42  SCV  
  40  9:51  Hellion  
  42  9:54  SCV  
  43  10:04  Starport, Hellion  
  45  10:07  SCV  
  46  10:15  Orbital Command  
  46  10:17  Factory Tech Lab  
  46  10:32  Cyclone  
  46  10:35  SCV  
  50  10:41  Siege Tank  
  50  10:42  Starport Tech Lab  
  53  10:47  SCV  
  53  10:48  SCV  
  55  10:57  Infernal Pre-Igniter  
  55  10:59  SCV  
  55  11:00  SCV  
  57  11:10  Hellion  
  59  11:11  SCV  
  59  11:12  SCV  
  59  11:14  Banshee  
  64  11:21  Refinery  
  64  11:22  Refinery  
  64  11:23  SCV  
  64  11:24  SCV  
  66  11:36  SCV  
  65  11:41  Siege Tank  
  65  11:44  SCV  
  69  11:48  SCV  
  70  11:58  Supply Depot  
  70  11:59  SCV, Marine x2, Hellion  
  70  12:00  SCV  
  76  12:13  SCV x2  
  78  12:18  Supply Depot  
Show
View Real Time Build Order
Export as new Build Order

Mufi Zerg - Winner!

Build Orders: Hatch First, Roach Nydus 

Get SALT Encoding   

  12  0:01  Drone  
  13  0:13  Overlord  
  13  0:16  Drone  
  14  0:31  Drone x2  
  16  0:49  Hatchery  
  15  0:53  Drone  
  15  0:56  Drone  
  17  1:01  Drone  
  18  1:11  Extractor  
  17  1:16  Spawning Pool  
  16  1:19  Drone  
  16  1:22  Drone  
  18  1:29  Drone  
  19  1:46  Drone  
  20  2:01  Overlord  
  20  2:03  Queen  
  20  2:06  Zergling x2  
  23  2:14  Queen  
  25  2:18  Drone  
  26  2:22  Spine Crawler  
  25  2:33  Drone x2  
  27  2:38  Drone x3  
  27  2:44  Extractor  
  29  2:49  Roach Warren  
  28  2:54  Drone  
  28  2:55  Drone  
  30  3:04  Lair  
  30  3:11  Overlord  
  29  3:29  Drone x5  
  29  3:33  Overlord  
  34  3:48  Overlord  
  34  3:49  Overlord  
  34  3:58  Roach x2  
  34  4:01  Overlord  
  38  4:09  Nydus Network  
  37  4:12  Roach  
  39  4:20  Roach  
  41  4:26  Roach x2  
  41  4:29  Roach  
  47  4:31  Ravager  
  47  4:32  Ravager  
  47  4:34  Ravager  
  50  4:39  Roach  
  52  4:51  Overlord  
  52  4:56  Nydus Canal  
  52  5:01  Zergling x4  
  52  5:02  Zergling x2  
  55  5:18  Nydus Canal  
  54  5:32  Roach x4  
  59  5:55  Overlord x2  
  57  6:07  Overlord  
  57  6:34  Overlord x2  
  57  6:35  Overlord  
  57  6:37  Hatchery  
  56  6:44  Glial Reconstitution  
  56  6:50  Evolution Chamber  
  56  6:52  Hatchery, Queen  
  56  6:53  Roach  
  58  6:59  Ravager  
  59  7:02  Roach  
  58  7:10  Roach  
  57  7:27  Roach, Zerg Missile Weapons Level 1  
  59  7:39  Nydus Canal  
  59  7:41  Roach  
  59  7:43  Overlord  
  52  7:54  Roach  
  46  8:11  Drone x8  
  54  8:25  Drone x3  
  57  8:36  Drone x3  
  58  8:53  Drone x5  
  61  9:06  Queen  
  61  9:09  Extractor  
  62  9:10  Extractor  
  62  9:12  Extractor  
  60  9:18  Overlord x2  
  68  9:24  Roach x4  
  68  9:37  Roach x5  
  78  9:41  Queen  
  78  9:42  Zerg Ground Armor Level 1  
  80  9:53  Drone x2  
  80  9:54  Overlord x2  
  82  10:05  Overlord x2  
  82  10:06  Evolution Chamber  
  81  10:17  Queen  
  81  10:19  Drone x5  
  88  10:30  Roach x4  
  88  10:34  Ravager  
  98  10:35  Ravager  
  98  10:36  Ravager x4  
  98  10:38  Ravager x2  
  104  10:45  Queen  
  104  10:49  Overlord x2  
  106  11:09  Roach x8  
  122  11:11  Overlord  
  122  11:22  Overlord x2  
  122  11:36  Roach x5  
  128  11:45  Drone x7  
  135  11:57  Roach x2  
  139  12:04  Ravager  
  139  12:05  Ravager  
  141  12:11  Drone x5  
Tags
 
Add a new tag
Caveats
  • Supply blocks, unpowered buildings, or Contaminate may cause inaccurate times.
  • Supply counts are checked every 10 seconds.